 Dungeon Crawl Stone Soup version 0.17-a0-1397-g0eee0a3 (webtiles) character file.

23 nubinia the Magician (level 2, -3/20 HPs)
             Began as a Draconian Wizard on June 17, 2015.
             Slain by a hobgoblin
             ... wielding a +0 club
              (9 damage)
             ... on level 1 of the Dungeon.
             The game lasted 00:05:02 (945 turns).

nubinia the Magician (Draconian Wizard)              Turns: 945, Time: 00:05:02

Health: -3/20      AC:  4    Str:  9    XL:     2   Next: 75%
Magic:  1/6        EV: 12    Int: 18    God:
Gold:   28         SH:  0    Dex:  9    Spells: 2 memorised, 5 levels left

rFire  . . .     SeeInvis .     j - +0 spear
rCold  . . .     Clarity  .     (armour unavailable)
rNeg   . . .     SustAt   .     (no shield)
rPois  .         Gourm    .     a - +0 hat
rElec  .         Spirit   .     (no cloak)
rCorr  .         Warding  .     (no gloves)
rMut   .         Stasis   .     (no boots)
MR     .....                    (no amulet)
Stlth  +.........               (no ring)
                                (no ring)

@: repel missiles, not resistant to hostile enchantments, very unstealthy
A: unfitting armour, cold-blooded, AC +4
a: no special abilities


You were on level 1 of the Dungeon.
You were not hungry.

You visited 1 branch of the dungeon, and saw 1 of its levels.

You collected 28 gold pieces.

Inventory:

Hand weapons
 g - a +0 club
 j - a +0 spear (weapon)
Armour
 a - a +0 hat (worn)
Scrolls
 e - 2 scrolls of remove curse {unknown}
 h - a scroll of teleportation {unknown}
 i - a scroll of immolation {unknown}
Potions
 d - a potion of haste {unknown}
 f - a potion of curing {unknown}
Books
 b - a book of Minor Magic

   Spells                             Type                      Level
   a - Magic Dart                     Conjuration                  1
   b - Blink                          Translocation                2
   c - Call Imp                       Summoning                    2
   d - Repel Missiles                 Charms/Air                   2
   e - Slow                           Hexes                        2
   f - Conjure Flame                  Conjuration/Fire             3
   g - Mephitic Cloud                 Conjuration/Poison/Air       3
Comestibles
 c - a bread ration


   Skills:
 + Level 2.1 Dodging
 + Level 1.7 Stealth
 + Level 3.5 Spellcasting
 + Level 1.2 Conjurations
   Level 1.0 Summonings
   Level 1.0 Translocations


You had 5 spell levels left.
You knew the following spells:

 Your Spells              Type           Power        Failure   Level  Hunger
a - Magic Dart            Conj           #...         12%         1    None
r - Repel Missiles        Chrm/Air       #.....       28%         2    ##.....


Dungeon Overview and Level Annotations

Branches:
Dungeon (1/15)

Altars:


Innate Abilities, Weirdness & Mutations

Your plain brown scales are hard (AC +4).
Your body does not fit into most forms of armour.
You are cold-blooded and may be slowed by cold attacks.


Message History

Confirm with . or Enter, or press ? or * to list all spells.
Aiming: Magic Dart
Press: ? - help, Shift-Dir - straight line, f/p - hobgoblin
Aim: a hobgoblin, wielding a club and wearing a scale mail (moderately wounded, unusually strong)
The magic dart hits the hobgoblin.
The hobgoblin is almost dead.
The hobgoblin hits you with a club!
* * * LOW HITPOINT WARNING * * *
Unknown command.
Unknown command.
Unknown command.
Casting: Magic Dart
Confirm with . or Enter, or press ? or * to list all spells.
Aiming: Magic Dart
Press: ? - help, Shift-Dir - straight line, f/p - hobgoblin
Aim: a hobgoblin, wielding a club and wearing a scale mail (almost dead, unusually strong)
The magic dart hits the hobgoblin.
The hobgoblin is almost dead.
The hobgoblin hits you with a club!
You die...

########...###..#
#......###...(÷###
#......# #......÷.
#......# #...###÷.
#......###..## ##.
#...........# #.
###......##..## #.
#.g.........## #.
#.#@......### #.
g..#....†.##########.
......#####.###...(....
........ #(....#######
#....... #######
########


You could see a hobgoblin.

Vanquished Creatures
  An ooze (D:1)
  2 giant geckos (D:1)
  A bat (D:1)
  3 goblins (D:1)
  3 hobgoblins (D:1)
  3 kobolds (D:1)
  A giant newt (D:1)
  4 rats (D:1)
18 creatures vanquished.

Notes
Turn   | Place    | Note
--------------------------------------------------------------
     0 | D:1      | nubinia the Draconian Wizard began the quest for the Orb.
     0 | D:1      | Reached XP level 1. HP: 14/14 MP: 4/4
   343 | D:1      | Reached XP level 2. HP: 20/20 MP: 0/6
   398 | D:1      | Learned a level 2 spell: Repel Missiles
   945 | D:1      | Slain by a hobgoblin

Vault maps used:
D:1:      tarquinn_simple_flora_water_f

Action                   || total
-------------------------++-------
Melee: Unarmed           ||     7
       Club              ||     5
       Spear             ||    14
 Cast: Magic Dart        ||    51
       Repel Missiles    ||     1
 Stab: Distracted        ||     1
